 Dungeon Crawl Stone Soup version 0.22-a0-322-g60b3cfd402 (webtiles) character file.

447 Banto the Chiller (level 7, 0/41 HPs)
             Began as an Octopode Ice Elementalist on Apr 3, 2018.
             Slain by a centaur (5 damage)
             ... on level 5 of the Dungeon.
             The game lasted 00:05:38 (4487 turns).

Banto the Chiller (Octopode Ice Elementalist)       Turns: 4487, Time: 00:05:39

Health: 0/41       AC:  7    Str:  7    XL:     7   Next: 3%
Magic:  10/19      EV: 13    Int: 19    God:
Gold:   228        SH:  0    Dex: 13    Spells: 4/10 levels left

rFire    . . .     SeeInvis .   j - +0 dagger
rCold    . . .     Gourm    .   (no shield)
rNeg     . . .     Faith    .   (helmet restricted)
rPois    +         Spirit   .   (no amulet)
rElec    .         Reflect  .   i - ring of magical power
rCorr    .         Harm     .   c - ring of poison resistance
MR       .....                  (no ring)
Stlth    ++++......             (no ring)
HPRegen  0.13/turn              (no ring)
MPRegen  0.16/turn              (no ring)
                                (no ring)
                                (no ring)

@: icy armour
A: almost no armour, stealthy swim, amphibious, 8 rings, constrict 8, camouflage
1, gelatinous body 1
a: no special abilities


You were on level 5 of the Dungeon.
You were hungry.

You visited 1 branch of the dungeon, and saw 5 of its levels.

You collected 228 gold pieces.

Inventory:

Hand Weapons
 j - a +0 dagger (weapon)
Jewellery
 c - a ring of poison resistance (right tentacle)
 g - an uncursed ring of fire
 i - a ring of magical power (left tentacle)
Wands
 d - a wand of paralysis (12)
Scrolls
 m - a scroll of remove curse
Potions
 a - a potion of might
 f - 5 potions of curing
 h - a potion of cancellation
 k - a potion of magic
 l - a potion of brilliance {unknown}
 o - 2 potions of flight
Comestibles
 b - 11 rations


   Skills:
 - Level 2.0 Dodging
 + Level 6.3 Stealth
 - Level 2.0 Spellcasting
 - Level 1.0 Conjurations
 * Level 6.5 Ice Magic


You had 4 spell levels left.
You knew the following spells:

 Your Spells              Type           Power        Failure   Level  Hunger
a - Freeze                Ice            ####         1%          1    #......
b - Throw Frost           Conj/Ice       ###...       5%          2    ###....
c - Ozocubu's Armour      Chrm/Ice       ##......     13%         3    ###....


Dungeon Overview and Level Annotations

Branches:
Dungeon (5/15)
 Temple: D:4-7

Altars:
Fedhas

Shops:
D:5 [

Annotations:
D:5 1 runed door


Innate Abilities, Weirdness & Mutations

You cannot wear most types of armour.
You are very stealthy in the water. (Stealth+)
You are amphibious.
You can wear up to eight rings at the same time.
You can use your tentacles to constrict eight enemies at once.
Your skin changes colour to match your surroundings (Stealth+).
Your rubbery body absorbs attacks. (AC +1, EV +1)


Message History

Confirm with . or Enter, or press ? or * to list all spells.
Aiming: Freeze (safe; 1% risk of failure)
Press: ? - help, Shift-Dir - straight line, f/p - centaur
Aim: a centaur (moderately wounded)
You freeze the centaur.
The centaur is heavily wounded.
The centaur hits you but does no damage.
The centaur hits you.
* * * LOW HITPOINT WARNING * * *
You take 4 damage, and have 5/41 hp.
Casting: Freeze (safe; 1% risk of failure)
Confirm with . or Enter, or press ? or * to list all spells.
Aiming: Freeze (safe; 1% risk of failure)
Press: ? - help, Shift-Dir - straight line, f/p - centaur
Aim: a centaur (heavily wounded)
You freeze the centaur.
The centaur is almost dead.
The sentinel's mark upon you fades away.
The centaur hits you.
You die...

#.......###.....#####.##
#.####.#.#.###.## #.#
#.# #.#..####.## #.##
#.# #.#.####...## #..##
#.# #.#.#
#.###.####...### ###.#
#.#.# #.# #...........
#...#
#.#.###(###.####...###
##.#.#
#.#.c..#...#####..##
##)..<#
#....@...........##
#....##
######(###########
#....# #.# #...)# #.#
#)..## #.# ##)## #.#
#)## #.......# ##)#
#######.# #)## #.# ###
######


You could see a centaur.

Vanquished Creatures
  Menkaure (D:5)
  A howler monkey (D:5)
  A hound (D:4)
  An orc priest (D:5)
  Jessica (D:2)
  An iguana (D:5)
  A worker ant zombie (D:2)
  3 adders
  3 gnolls (D:3)
  2 shadow imps (D:5)
  An ooze (D:3)
  2 adder skeletons
  An adder zombie (D:2)
  3 worms (D:2)
  3 leopard geckos
  3 orcs (D:5)
  4 bat skeletons (D:2)
  A bat zombie (D:2)
  2 giant cockroaches (D:1)
  10 hobgoblins
  2 jackals (D:1)
  3 kobolds
  2 quokkas (D:2)
  A ball python (D:4)
  A ball python skeleton (D:2)
  3 bats
  5 frilled lizards
  6 goblins
  A jackal skeleton (D:4)
  A jackal zombie (D:5)
  2 leopard gecko zombies (D:2)
  A quokka skeleton (D:2)
  6 rats
79 creatures vanquished.

Notes
Turn   | Place    | Note
-------+----------+-------------------------------------------
     0 | D:1      | Banto the Octopode Ice Elementalist began the quest for the Orb.
     0 | D:1      | Reached XP level 1. HP: 11/11 MP: 3/3
   253 | D:1      | Reached XP level 2. HP: 14/17 MP: 3/5
   888 | D:2      | Reached XP level 3. HP: 21/21 MP: 6/6
  1327 | D:2      | Noticed Jessica
  1468 | D:2      | Killed Jessica
  1468 | D:2      | Reached XP level 4. HP: 19/27 MP: 3/7
  1732 | D:2      | Learned a level 2 spell: Throw Frost
  1740 | D:2      | Learned a level 3 spell: Ozocubu's Armour
  2093 | D:2      | Found a faded altar of an unknown god.
  2382 | D:2      | Found a blossoming altar of Fedhas.
  2510 | D:3      | Reached XP level 5. HP: 27/31 MP: 8/8
  2728 | D:3      | Reached skill level 5 in Ice Magic
  3375 | D:4      | Reached skill level 5 in Stealth
  3907 | D:5      | Entered Level 5 of the Dungeon
  4024 | D:5      | Reached XP level 6. HP: 36/36 MP: 9/9
  4160 | D:5      | Noticed Menkaure
  4169 | D:5      | Killed Menkaure
  4298 | D:5      | Found Cywosaof's Antique Armour Boutique.
  4426 | D:5      | Found a runed door.
  4484 | D:5      | Reached XP level 7. HP: 11/41 MP: 10/10
  4487 | D:5      | Slain by a centaur

Vault maps used:
D:1:      dpeg_arrival_tiny_c
D:2:      old_standard_altar, chequers_ecumenical_altar_simple_redux,
          serial_undead, serial_undead_e, serial_undead_c, serial_undead_d,
          serial_undead_a, serial_undead_b, serial_undead_e, serial_undead_f,
          serial_undead_e, uniq_jessica
D:5:      serial_shops, kennysheep_mini_moat, first_ration,
          uniq_crazy_yiuf_cottage, uniq_menkaure

Skill      XL: |  1  2  3  4  5  6 |
---------------+-------------------+-----
Stealth        | 3 4 5 6 |  6.3
Ice Magic      | 4 5 6 |  6.5
Dodging        | |  2.0
Spellcasting   | |  2.0
Conjurations   | |  1.0

Action                   |  1- 3 |  4- 6 |  7- 9 || total
-------------------------+-------+-------+-------++-------
Melee: Club              |    38 |    57 |       ||    95
       Constrict         |    12 |    22 |       ||    34
       Unarmed           |     2 |       |       ||     2
       Tentacles         |     5 |    18 |       ||    23
       Dagger            |       |    48 |       ||    48
 Cast: Freeze            |    35 |    28 |     4 ||    67
       Throw Frost       |       |     6 |       ||     6
       Ozocubu's Armour  |       |     3 |       ||     3
  Use: Scroll            |       |     9 |       ||     9
       Potion            |       |     6 |       ||     6
 Stab: Sleeping          |     8 |    16 |       ||    24
  Eat: Chunk             |     2 |    10 |       ||    12
Armor: Skin              |    18 |    12 |     2 ||    32
Dodge: Dodged            |    70 |   108 |     1 ||   179

Table legend:
 A = Spawn XP
 B = Non-spawn XP
 C = Spawn XP percentage of total XP
 D = Spawn monster count
 E = Non-spawn monster count
 F = Spawn count percentage of total count
 G = Total turns spent on level
                    A         B        C        D         E        F      G
               +---------+---------+-------+---------+---------+-------+---------
         Total |       0 |     639 |   0.0 |       0 |      79 |   0.0 |  4487
               +---------+---------+-------+---------+---------+-------+---------
           D:1 |       0 |      32 |   0.0 |       0 |      20 |   0.0 |  1195
           D:2 |       0 |     133 |   0.0 |       0 |      33 |   0.0 |  1538
           D:3 |       0 |      69 |   0.0 |       0 |       9 |   0.0 |   608
           D:4 |       0 |      61 |   0.0 |       0 |       5 |   0.0 |   566
           D:5 |       0 |     344 |   0.0 |       0 |      12 |   0.0 |   580
               +---------+---------+-------+---------+---------+-------+---------

Table legend:
 A = Turns spent in this place as a percentage of turns spent in the entire game.
 B = Non-inter-level travel turns spent in this place as a percentage of non-inter-level travel turns spent in the entire game.
 C = Inter-level travel turns spent in this place as a percentage of turns spent in this place.
 D = Turns resting spent in this place as a percentage of non-inter-level travel turns spent in this place.
 E = Turns spent auto-exploring this place as a percentage of non-inter-level travel turns spent in this place.
 F = Non-inter-level travel turns spent in this place divided by the number of levels of this place that you've seen.
                   A       B       C       D       E      F
               +-------+-------+-------+-------+-------+----------------------
         Total | 100.0 | 100.0 |   3.6 |  39.0 |  41.8 | 865.0
       Dungeon | 100.0 | 100.0 |   3.6 |  39.0 |  41.8 | 865.0
               +-------+-------+-------+-------+-------+----------------------

Table legend:
 A = Kills in this place as a percentage of kills in entire the game.
 B = Kills by you in this place as a percentage of kills by you in the entire game.
 C = Kills by friends in this place as a percentage of kills by friends in the entire game.
 D = Other kills in this place as a percentage of other kills in the entire game.
 E = Experience gained in this place as a percentage of experience gained in the entire game.
 F = Experience gained in this place divided by the number of levels of this place that you have seen.
                   A       B       C       D       E      F
               +-------+-------+-------+-------+-------+----------------------
         Total | 100.0 | 100.0 |   N/A |   N/A | 100.0 | 127.8
       Dungeon | 100.0 | 100.0 |   N/A |   N/A | 100.0 | 127.8
               +-------+-------+-------+-------+-------+----------------------
